 Dungeon Crawl Stone Soup version 0.29.1-2-gbd0b4ee654 (webtiles) character file.

Game seed: 3473554492410805794

1386 daveb22 the Covered (level 9, -5/67 HPs)
             Began as a Human Fighter on Sept 19, 2022.
             Slain by an ogre
             ... wielding a +3 giant club
              (29 damage)
             ... on level 5 of the Dungeon on Oct 23, 2022.
             The game lasted 00:58:05 (7899 turns).

daveb22 the Covered (Human Fighter)                 Turns: 7899, Time: 00:58:05

Health: -5/67      AC: 10    Str: 20    XL:     9   Next: 0%
Magic:  18/18      EV: 11    Int:  8    God:
Gold:   147        SH:  0    Dex: 20    Spells: 8/8 levels left

rFire   . . .      SeeInvis .   m - +5 quarterstaff of Peace {vorpal, rPois rC+ rN++ MP+9}
rCold   + + .      Faith    .   (shield currently unavailable)
rNeg    + + .      Spirit   .   b - +0 scale mail
rPois   +          Reflect  .   (no helmet)
rElec   .          Harm     .   q - +1 cloak {rCorr}
rCorr   +          Rampage  .   (no gloves)
Will    .....                   (no boots)
Stlth   +.........              (no amulet)
HPRegen 0.21/turn               k - +6 ring of dexterity
MPRegen 0.16/turn               t - ring of protection from cold

@: no status effects
A: no striking features
a: no special abilities


You were on level 5 of the Dungeon.
You visited 1 branch of the dungeon, and saw 5 of its levels.
You also visited: Sewer.

You collected 147 gold pieces.

Inventory:

Hand Weapons
 m - the +5 quarterstaff of Peace (weapon) {vorpal, rPois rC+ rN++ MP+9}
   (You found it on level 2 of the Dungeon)

   It inflicts extra damage upon your enemies.
   rC:        It protects you from cold.
   rPois:     It protects you from poison.
   rN:        It greatly protects you from negative energy.
   MP:        It affects your magic capacity (+9).
 p - a +3 hand axe
 G - a +1 vampiric dagger
 J - a +1 rapier of draining
Missiles
 a - a throwing net
 x - 50 stones (quivered)
 A - 25 poisoned darts
Armour
 b - a +0 scale mail (worn)
 c - a +0 buckler
 o - a +0 ring mail
 q - a +1 cloak of preservation (worn)
 z - a +2 ring mail of fire resistance
Jewellery
 f - a ring of wizardry
 k - a +6 ring of dexterity (left hand)
 t - a ring of protection from cold (right hand)
 H - a +4 ring of evasion
Scrolls
 e - 2 scrolls of teleportation {unknown}
 g - a scroll of enchant weapon {unknown}
 h - 6 scrolls of noise
 i - a scroll of enchant armour {unknown}
 l - 6 scrolls of fear {unknown}
 n - 2 scrolls of acquirement {unknown}
 r - 4 scrolls of identify
 s - a scroll of magic mapping {unknown}
 w - a scroll of butterflies {unknown}
 y - a scroll of amnesia {unknown}
 I - a scroll of vulnerability {unknown}
 L - a scroll of immolation {unknown}
Potions
 d - 3 potions of mutation {unknown}
 j - 3 potions of flight {unknown}
 u - 2 potions of degeneration {unknown}
 v - a potion of cancellation {unknown}
 B - 2 potions of attraction {unknown}
 C - a potion of brilliance {unknown}
 D - 3 potions of haste
 E - a potion of heal wounds {unknown}
 F - a potion of magic {unknown}
 K - 2 potions of lignification {unknown}


   Skills:
 + Level 4.8 Fighting
 + Level 2.6 Long Blades
 + Level 6.2 Staves
 + Level 1.2 Throwing
 + Level 6.3 Armour
 + Level 2.3 Dodging
 + Level 1.5 Stealth
 + Level 3.4 Shields


You had 8 spell levels left.
You didn't know any spells.
Your spell library contained the following spells:

 Spells                   Type           Power      Damage    Failure   Level
 Ensorcelled Hibernation  Hex/Ice        0%         N/A       86%         2
 Spider Form              Tmut/Pois      0%         N/A       98%         3
 Anguish                  Hex/Necr       0%         N/A       100%        4
 Cause Fear               Hex            0%         N/A       100%        4
 Dragon Form              Tmut           0%         N/A       100%        7
 Dragon's Call            Summ           0%         N/A       100%        9


Dungeon Overview and Level Annotations

Branches:
Dungeon (5/15)              Sewer (visited)
 Temple: D:4-7

Altars:
Fedhas
Wu Jian
Xom

Shops:
D:3 :

Annotations:
D:5 1 transporter, nshep25's ghost, novice MiFi


Message History

You see here a scroll of noise.
h - 6 scrolls of noise (gained 1) Nshep25's ghost attacks as you move away!
Nshep25's ghost hits you but does no damage.
You thump nshep25's ghost!
Nshep25's ghost is lightly damaged.
Nshep25's ghost closely misses you.
You closely miss nshep25's ghost.
Nshep25's ghost is lightly damaged.
Nshep25's ghost hits you but does no damage.
You hit nshep25's ghost.
Nshep25's ghost is moderately damaged.
Nshep25's ghost hits you.
You sock nshep25's ghost!
Nshep25's ghost is moderately damaged.
Nshep25's ghost closely misses you.
You closely miss nshep25's ghost.
Nshep25's ghost is moderately damaged.
Nshep25's ghost closely misses you. The ogre barely misses you.
You hit the ogre.
The ogre is lightly wounded.
Nshep25's ghost barely misses you. The ogre hits you with a +3 giant club!
You barely miss the ogre.
The ogre is lightly wounded.
Nshep25's ghost hits you.
You hit the ogre but do no damage.
The ogre is lightly wounded.
Nshep25's ghost hits you but does no damage.
The ogre misses you.
You hit the ogre.
The ogre is heavily wounded.
Nshep25's ghost hits you!
You hit the ogre.
The ogre is heavily wounded.
The ogre barely misses you. Nshep25's ghost hits you.
You sock the ogre!
The ogre is almost dead.
Nshep25's ghost hits you!
The ogre hits you with a +3 giant club!!
You die...

#...................#......
#.####......§.©.....#.##...
#.####.##############.####.
#.##...#....$!.....#.....#.
#.##.#.#..##...##..##.##.#.
#..)...#.#..#.#..#.##.##.#.
####)###.#..#.#..#.##......
#)# #.O##...##..#####.## #.#
#..@WO©....©# ##...# #.#
###############.###. #.#
#.......#.#.## ## #.#
#.......#.#.# # #.#
#.......#.#.## ## #.#
#.......#.##.###. #####.####
#.......#.##.....
###......).###.........##....#
#...♣♣♣♣♣...#####.......#.##.#


You could see 2 ogres and nshep25's ghost.

Vanquished Creatures
  Eustachio (D:5)
  A steam dragon (D:4)
  An orc warrior (D:5)
  A black bear (D:4)
  3 ogres
  A phantom (D:5)
  2 kobold brigands (Sewer)
  2 scorpions
  2 hounds
  2 orc priests
  An iguana (D:4)
  An orc wizard (D:2)
  6 adders
  5 worms
  3 dart slugs
  16 orcs
  6 bats
  7 endoplasms
  4 giant cockroaches
  5 goblins
  10 hobgoblins
  3 jackals (D:2)
  17 kobolds
  3 quokkas
  9 ball pythons
  6 frilled lizards
  11 rats
129 creatures vanquished.

Vanquished Creatures (others)
  A fungus (Sewer)
  5 plants
6 creatures vanquished.

Grand Total: 135 creatures vanquished

Notes
Turn   | Place    | Note
-------+----------+-------------------------------------------
     0 | D:1      | daveb22 the Human Fighter began the quest for the Orb.
     0 | D:1      | Reached XP level 1. HP: 18/18 MP: 1/1
    98 | D:1      | Reached XP level 2. HP: 22/24 MP: 2/2
   436 | D:1      | Reached XP level 3. HP: 28/29 MP: 3/3
   933 | D:2      | Identified the +5 quarterstaff of Peace {vorpal, rPois rC+
                  | rN++ MP+9}
  1611 | D:2      | Reached XP level 4. HP: 35/35 MP: 4/4
  3742 | D:3      | Found Roun's Book Shoppe.
  3752 | D:3      | Reached XP level 5. HP: 40/41 MP: 5/5
  3799 | D:3      | Reached skill level 1 in Staves
  4787 | D:3      | Found a faded altar of an unknown god.
  5071 | D:4      | Reached XP level 6. HP: 43/47 MP: 6/6
  5176 | D:4      | Found a glowing drain.
  5200 | Sewer    | Entered a sewer
  5427 | Sewer    | Reached skill level 1 in Dodging
  5430 | Sewer    | Reached skill level 5 in Armour
  5430 | Sewer    | Reached XP level 7. HP: 5/53 MP: 7/7
  6088 | D:4      | Found a blossoming altar of Fedhas.
  6137 | D:4      | Noticed a steam dragon
  6148 | D:4      | Killed a steam dragon
  6490 | D:4      | Reached skill level 1 in Stealth
  6490 | D:4      | Reached XP level 8. HP: 45/60 MP: 8/8
  6874 | D:5      | Entered Level 5 of the Dungeon
  6912 | D:5      | Reached skill level 5 in Staves
  6955 | D:5      | Found a shimmering altar of Xom.
  6990 | D:5      | Found an ornate altar of the Wu Jian Council.
  7052 | D:5      | Reached skill level 1 in Throwing
  7219 | D:5      | Noticed Eustachio
  7254 | D:5      | Killed Eustachio
  7397 | D:5      | Upgraded the game from 0.29.1-1-gd02db6906a to
                  | 0.29.1-2-gbd0b4ee654
  7567 | D:5      | Reached XP level 9. HP: 11/67 MP: 9/9
  7853 | D:5      | Found a transporter.
  7854 | D:5      | Noticed nshep25's ghost (novice MiFi)
  7876 | D:5      | Found a transporter.
  7899 | D:5      | Slain by an ogre

Illustrated notes

Levels and vault maps discovered:
D:1:      amcnicky_arrival_choice, layout_loops_ring
D:2:      layout_loops_cross, minmay_misc_feat_nine_boxes
D:3:      layout_rooms, serial_shops, nicolae_shop_hallway_plus,
          shapermc_ecumenical_altar_hornbeckon
D:4:      layout_gridville, fedhas_altar_fruit_tree, cheibrodos_sewer_entry_bend
D:5:      layout_loops_cross, mainiacjoe_overflow_catch_the_wave,
          gammafunk_ghost_smash, minivault_26, uniq_eustachio

Skill      XL: |  1  2  3  4  5  6  7  8 |
---------------+-------------------------+-----
Armour         | 4 5 6 |  6.3
Staves         | 2 3 4 6 |  6.2
Dodging        | 1 2 |  2.3
Fighting       | 4 |  4.8
Stealth        | 1 |  1.5
Throwing       | 1 |  1.2
Long Blades    | |  2.6
Shields        | |  3.4

Action                   |  1- 3 |  4- 6 |  7- 9 || total
-------------------------+-------+-------+-------++-------
Melee: Long sword        |    87 |       |       ||    87
       Quarterstaff      |    11 |   132 |   134 ||   277
Throw: Stone             |       |       |    13 ||    13
  Use: Potion            |       |     1 |     3 ||     4
       Scroll            |       |     1 |       ||     1
Armor: Scale mail        |    51 |    81 |    49 ||   181
Dodge: Dodged            |    49 |    80 |    64 ||   193
Block: Buckler           |    23 |       |       ||    23
